Map: Frozen Temple

Players

True

  • Race: Zerg Zerg
  • League: Grandmaster

Kelazhur - Winner!

  • Race: Terran Terran

Event: Cheesadelphia Summer 2016

VOD

Have the link to the VOD?

Description

Time

  • Played on: July 24, 2016, 6:39 p.m.
  • Length: 14:32

All games in this series

Show
View Real Time Build Order
Export as new Build Order

True Zerg 

Build Orders: Hatch First 

Get SALT Encoding   

  12  0:00  Drone  
  13  0:13  Overlord  
  13  0:17  Drone  
  14  0:31  Drone x2  
  14  0:34  Drone  
  17  0:53  Hatchery  
  17  0:56  Drone  
  17  1:09  Spawning Pool  
  17  1:11  Extractor  
  15  1:14  Drone  
  15  1:16  Drone  
  17  1:21  Drone  
  18  1:28  Drone  
  19  1:39  Overlord  
  19  1:56  Queen  
  19  1:57  Zergling x2  
  19  2:01  Zergling x2  
  23  2:04  Queen  
  23  2:05  Zergling x2  
  26  2:13  Metabolic Boost  
  26  2:15  Drone  
  27  2:16  Drone  
  27  2:22  Drone  
  29  2:30  Drone  
  29  2:34  Queen  
  32  2:43  Drone x3  
  34  2:48  Overlord  
  34  2:54  Drone  
  35  3:00  Overlord  
  36  3:05  Drone  
  36  3:06  Drone x2  
  36  3:09  Drone  
  39  3:14  Drone x3  
  39  3:18  Overlord  
  42  3:22  Drone  
  43  3:30  Pneumatized Carapace  
  43  3:39  Drone  
  43  3:41  Drone  
  45  3:43  Drone, Hatchery  
  45  3:47  Evolution Chamber  
  44  3:49  Overlord  
  44  3:57  Zergling x8  
  44  4:00  Zergling x4  
  44  4:02  Zergling x2  
  51  4:10  Zergling x2  
  51  4:13  Zerg Ground Armor Level 1, Zergling x2  
  51  4:16  Zergling x4  
  55  4:17  Overlord  
  55  4:18  Zergling x2  
  55  4:20  Zergling x2  
  55  4:22  Zergling x2  
  55  4:23  Zergling x2  
  59  4:26  Zergling x2  
  60  4:34  Zergling x2  
  60  4:36  Zergling x2  
  62  4:44  Zergling x2  
  63  4:45  Zergling x2  
  63  4:49  Zergling x4  
  63  4:51  Zergling x6  
  63  4:52  Zergling x2  
  70  4:54  Zergling x2  
  71  5:01  Queen  
  71  5:05  Evolution Chamber  
  64  5:23  Drone x10  
  64  5:28  Overlord  
  73  5:31  Overlord  
  73  5:34  Zerg Melee Weapons Level 1  
  73  5:35  Lair  
  71  5:39  Overlord  
  71  5:42  Drone  
  64  5:47  Overlord  
  63  5:52  Extractor  
  62  5:58  Baneling Nest, Extractor  
  62  6:04  Zergling x12  
  61  6:05  Zergling x4  
  61  6:06  Queen, Zergling x2  
  61  6:08  Queen, Zergling x2  
  61  6:10  Zergling x2  
  61  6:11  Zergling x2  
  76  6:12  Zergling x2  
  76  6:15  Zergling x2  
  76  6:18  Zergling x4  
  80  6:19  Zergling x4  
  80  6:21  Zergling x2  
  83  6:37  Zergling x2  
  83  6:38  Zergling x10  
  83  6:39  Overlord  
  89  6:41  Overlord  
  89  6:43  Overlord  
  89  6:47  Zerg Ground Armor Level 2  
  89  6:49  Baneling  
  89  6:50  Baneling x2  
  89  7:04  Zergling x16  
  97  7:08  Drone  
  97  7:09  Drone x2  
  97  7:12  Drone x2  
  97  7:13  Drone  
  101  7:23  Drone x4  
  105  7:30  Overlord  
  105  7:34  Drone x5  
  105  7:35  Overlord  
  110  7:40  Overlord  
  110  7:42  Overlord  
  110  7:44  Overlord  
  110  7:48  Overlord  
  110  7:49  Zergling x4  
  112  7:57  Zergling x4  
  114  7:58  Zergling x2  
  114  7:59  Zergling x2  
  114  8:00  Zerg Melee Weapons Level 2  
  114  8:01  Centrifical Hooks  
  114  8:04  Baneling x4  
  116  8:09  Baneling x3  
  116  8:10  Baneling x2  
  116  8:17  Zergling x18  
  125  8:32  Zergling x2  
  125  8:33  Zergling x14  
  125  8:39  Zergling x8  
  125  8:41  Zergling x2  
  127  8:42  Zergling x2  
  127  8:43  Zergling x4  
  103  8:51  Zergling x4  
  103  8:53  Zergling x2  
  94  8:58  Zergling x4  
  94  8:59  Zergling x4  
  94  9:00  Zergling x2  
  93  9:03  Zergling x2  
  93  9:08  Zergling x2  
  86  9:11  Zergling x2  
  86  9:14  Zergling x2  
  85  9:22  Zergling x2  
  85  9:23  Zergling x2  
  82  9:25  Zergling x2  
  82  9:27  Queen  
  82  9:30  Baneling x3  
  85  9:34  Zergling x4  
  85  9:46  Zergling x6  
  85  9:47  Zergling x2  
  85  9:49  Hatchery  
  88  9:56  Zergling x10  
  88  9:57  Zergling x2  
  94  10:02  Zergling x4  
  94  10:03  Zergling x2  
  97  10:15  Zergling x4  
  97  10:16  Zergling x10  
  104  10:24  Infestation Pit  
  103  10:35  Zergling x4  
  101  10:36  Zergling x10  
  102  10:56  Roach Warren  
  102  11:00  Drone x2  
  102  11:04  Infestor x3  
  105  11:07  Hatchery  
  107  11:14  Infestor x2  
  107  11:15  Hatchery  
  107  11:16  Drone  
  107  11:17  Drone  
  112  11:19  Drone x2  
  112  11:20  Drone  
  112  11:21  Extractor  
  114  11:36  Roach  
  114  11:37  Overlord x3  
  114  11:39  Zerg Missile Weapons Level 1  
  116  11:42  Overlord  
  116  11:48  Overlord  
  116  11:50  Overlord  
  116  11:53  Overlord  
  116  11:59  Roach x5  
  120  12:35  Baneling x13  
  120  12:36  Zergling x12  
  120  12:37  Zergling x14  
  133  12:38  Zergling x2  
  133  12:40  Zergling x2  
  133  12:41  Zergling x2  
  128  12:45  Glial Reconstitution  
  128  12:49  Roach  
  97  12:59  Roach  
  97  13:00  Roach  
  83  13:21  Hatchery  
  81  13:29  Zergling x10  
  81  13:30  Zergling x4  
  81  13:34  Ravager  
  89  13:37  Ravager  
  90  13:46  Zergling x2  
  90  13:47  Zergling x2  
  92  13:52  Zergling x2  
  93  13:59  Zergling x2  
  93  14:02  Zergling x2  
  89  14:11  Zergling x6  
  89  14:15  Zergling x2  
Show
View Real Time Build Order
Export as new Build Order

Kelazhur Terran - Winner!

Build Orders: Reaper Expand, Bio Hellbat 

Get SALT Encoding   

  12  0:00  SCV  
  13  0:12  SCV  
  14  0:17  Supply Depot  
  14  0:25  SCV  
  15  0:38  SCV  
  15  0:39  Barracks  
  16  0:43  Refinery  
  16  0:50  SCV  
  17  1:02  SCV  
  18  1:15  SCV  
  19  1:27  Reaper, Orbital Command  
  20  1:40  Command Center  
  20  1:49  Supply Depot  
  20  1:53  SCV  
  21  1:59  Marine  
  22  2:04  Factory  
  22  2:06  SCV  
  23  2:14  Refinery  
  23  2:17  Marine  
  23  2:20  SCV  
  25  2:34  Marine, SCV  
  27  2:46  SCV  
  27  2:50  Factory Tech Lab  
  28  2:51  Orbital Command  
  28  2:53  Marine  
  28  2:54  Bunker  
  28  2:58  SCV  
  30  3:08  Starport  
  30  3:10  SCV  
  30  3:12  Siege Tank  
  34  3:15  Barracks Reactor  
  34  3:17  SCV  
  35  3:22  SCV  
  35  3:24  Supply Depot  
  36  3:29  SCV  
  37  3:34  SCV  
  38  3:41  SCV  
  38  3:46  Medivac  
  38  3:47  SCV  
  42  3:48  Supply Depot  
  42  3:54  SCV  
  43  3:57  Barracks  
  43  4:00  SCV  
  43  4:01  Marine  
  43  4:02  Barracks  
  45  4:04  Stimpack  
  45  4:06  SCV  
  46  4:10  Factory Reactor  
  46  4:12  SCV  
  46  4:16  Engineering Bay  
  47  4:18  Engineering Bay, SCV  
  47  4:21  Viking  
  47  4:24  SCV  
  51  4:25  Marine  
  51  4:30  SCV  
  53  4:32  Supply Depot  
  53  4:36  SCV  
  54  4:42  SCV  
  54  4:43  Marine  
  56  4:47  Terran Infantry Weapons Level 1  
  56  4:48  SCV  
  56  4:49  Refinery  
  56  4:50  Refinery  
  57  4:54  Supply Depot, Marine x2, SCV  
  60  5:00  SCV  
  60  5:01  Marine x2  
  60  5:02  Starport Reactor  
  60  5:03  Terran Infantry Armor Level 1  
  60  5:04  Supply Depot  
  60  5:06  SCV  
  64  5:07  Marine  
  64  5:11  Marine  
  64  5:12  Marine, SCV  
  65  5:18  SCV  
  65  5:19  Marine x2  
  68  5:25  Starport Reactor  
  68  5:27  SCV  
  65  5:30  Marine x2  
  65  5:32  SCV  
  67  5:38  Marine  
  67  5:42  SCV  
  64  5:44  Marine, SCV  
  66  5:53  Marine x3  
  66  5:54  SCV, Armory  
  66  5:56  SCV  
  71  6:01  Marine  
  71  6:02  Supply Depot  
  71  6:03  Marine  
  73  6:06  Combat Shields, SCV  
  74  6:15  Marine x3, SCV  
  78  6:18  SCV  
  78  6:21  Marine x2  
  81  6:27  Supply Depot  
  81  6:33  Barracks, Marine x2  
  81  6:34  Marine  
  81  6:35  Barracks  
  84  6:42  Marine  
  85  6:49  Marine  
  85  6:51  Factory Reactor, Marine x2  
  85  6:52  Medivac x2  
  92  6:54  Terran Infantry Weapons Level 2  
  92  6:55  SCV  
  92  6:58  Marine  
  94  7:03  Reaper  
  94  7:07  Marine  
  95  7:10  SCV x2  
  95  7:11  Marine  
  98  7:17  Marine  
  98  7:20  Terran Infantry Armor Level 2  
  98  7:22  Medivac, SCV  
  102  7:29  Supply Depot  
  102  7:30  Supply Depot, Barracks Reactor  
  102  7:31  Barracks Reactor  
  102  7:32  Marine, Medivac  
  105  7:37  Marine x4  
  109  7:46  Command Center  
  109  7:49  Marine  
  110  7:54  Marine  
  110  7:55  Hellbat x2  
  110  7:57  Marine  
  110  7:58  Marine x2  
  115  7:59  Medivac  
  115  8:02  Medivac  
  119  8:16  Marine, Hellbat  
  119  8:17  Factory, Marine, Hellbat  
  119  8:18  Marine  
  126  8:26  Supply Depot  
  126  8:32  Marine  
  126  8:44  Marine  
  126  8:45  Marine  
  126  8:46  Marine x4  
  126  8:47  Marine x2  
  126  8:52  Marine  
  126  8:54  Medivac x2  
  126  9:02  Marine  
  122  9:04  Marine x2, Marauder  
  122  9:08  Marine  
  111  9:12  Hellbat x2  
  111  9:16  Terran Infantry Weapons Level 3  
  113  9:23  Marine x4  
  116  9:24  Marine  
  116  9:25  Marine  
  116  9:26  Marauder  
  120  9:31  Orbital Command  
  117  9:39  Medivac x2  
  117  9:40  Terran Infantry Armor Level 3  
  117  9:41  Marine x5  
  128  9:50  Marine, Marauder  
  128  9:52  Supply Depot  
  129  9:53  Hellbat x2  
  129  9:56  Missile Turret  
  133  10:07  Marine  
  133  10:12  Marauder  
  136  10:14  Hellbat  
  136  10:18  Marine  
  136  10:19  Supply Depot x2  
  136  10:20  Marine  
  136  10:21  Marine x5  
  145  10:25  Marine, Hellbat  
  148  10:29  Supply Depot  
  148  10:32  Command Center  
  140  10:36  Marine x2  
  140  10:38  Marine x3, Hellbat  
  140  10:39  Marine x2  
  149  10:43  Medivac  
  151  10:50  Marine  
  151  10:54  Marauder  
  151  10:56  Marine x2  
  151  10:57  Marine  
  155  11:00  Marine  
  155  11:01  Marine  
  157  11:04  Marine  
  157  11:06  Factory Tech Lab, Hellbat x2  
  157  11:09  Supply Depot  
  162  11:16  Marauder  
  162  11:18  Marine x6  
  166  11:25  Medivac x2  
  174  11:26  Infernal Pre-Igniter  
  174  11:29  Terran Vehicle And Ship Armor Level 1  
  174  11:32  Supply Depot  
  174  11:38  Marine, Marauder  
  177  11:45  Hellbat x3  
  183  11:51  Marine x3  
  183  11:52  Marine  
  187  11:57  Marine  
  187  11:58  Missile Turret  
  187  12:06  Marine  
  187  12:07  Marine x2, Marauder  
  192  12:09  Marine x2  
  192  12:12  Hellbat  
  192  12:13  Hellbat x2  
  192  12:14  Marine  
  192  12:15  Planetary Fortress  
  198  12:26  Marine  
  198  12:27  Marine x5  
  198  12:28  Marauder  
  187  12:40  Marine  
  187  12:41  Marine  
  189  12:45  Marine x5  
  189  12:46  Marine  
  189  12:49  Marine  
  180  12:53  Hellbat x2  
  180  12:58  Marine x2  
  156  13:00  Liberator  
  156  13:01  Liberator  
  156  13:03  Marine x2  
  157  13:05  Marine  
  157  13:07  Marauder  
  157  13:12  Marine x3  
  162  13:14  Hellbat  
  162  13:15  Hellbat  
  172  13:24  Marine  
  172  13:25  Marine x3  
  170  13:29  Marauder  
  172  13:38  Hellbat x3  
  172  13:40  Marine x4  
  182  13:42  Marine  
  183  13:53  Command Center  
  183  13:56  Marine  
  183  13:58  Barracks  
  183  13:59  Barracks  
  165  14:10  Marine, Marauder  
Tags
 
Add a new tag
Caveats
  • Supply blocks, unpowered buildings, or Contaminate may cause inaccurate times.
  • Supply counts are checked every 10 seconds.